Coyotes vs Blackhawks
Created - 28 novembre 2013 at 19:00
Goals
|
| Coyotes |
0 |
1 |
1 |
2 |
| Blackhawks |
0 |
3 |
1 |
4 |
|
Shots
|
| Coyotes |
11 |
16 |
7 |
34 |
| Blackhawks |
2 |
12 |
7 |
21 |
|
1st period
No Goal
Penalties :
Daniel Carcillo (Chi) for Hooking (Minor) at 5:08, Daniel Carcillo (Chi) for Hooking (Minor) at 10:50
2nd period
1. Blackhawks , Colby Armstrong 4 (Joe Sakic) at 2:22
2. Blackhawks , Scott Gomez 7 (Kris Versteeg) at 8:18
3. Coyotes , Marian Gaborik 13 (Tim Connolly) at 10:10
4. Blackhawks , Scott Gomez 8 (Kris Versteeg, Rene Bourque) at 11:52
Penalties :
Loui Eriksson (Chi) for Holding (Minor) at 3:05, Kurt Sauer (Pho) for Hooking (Minor) at 13:19
3rd period
5. Coyotes , Brenden Morrow 6 (Marian Gaborik, Tim Connolly) at 17:08 (PP)
6. Blackhawks , Rene Bourque 5 (Kris Versteeg, Scott Gomez) at 18:00
Penalties :
Marian Gaborik (Pho) for Roughing (Minor) at 9:45, Jiri Fischer (Pho) for Interference (Minor) at 11:59, George Parros (Chi) for Hooking (Minor) at 14:08, Hnat Domenichelli (Chi) for Roughing (Minor) at 16:15
Goalie Stats
Ryan Miller (Pho), 17 saves from 21 shots - (0,810), L, 9-8-1, 60:00 minutes
Jocelyn Thibault (Chi), 32 saves from 34 shots - (0,941), W, 2-2-0, 60:00 minutes
Players Stats for Coyotes
Player Name G A P +/- PIM S H SB GA TA FO MP PP MP PK MP
------------------------------------------------------------------------------------
Antti Laaksonen 0 0 0 -1 0 2 1 0 1 0 0/0 9:02 0:08 0:54
Bill Guerin 0 0 0 -1 0 2 3 0 1 2 1/2 15:10 3:42 0:00
Brenden Morrow 1 0 1 -1 0 2 5 0 1 0 0/2 20:45 4:56 0:00
Chad Larose 0 0 0 0 0 0 0 1 1 1 0/0 12:17 0:09 2:08
Craig Adams 0 0 0 -1 0 1 0 0 0 0 1/2 10:05 0:00 2:08
Denis Grebeshkov 0 0 0 0 0 2 2 4 0 2 0/0 25:28 4:32 2:05
Drew Miller 0 0 0 -1 0 3 2 0 1 1 0/1 18:10 3:42 2:55
Frans Nielsen 0 0 0 -1 0 5 0 0 0 0 3/10 18:07 3:42 2:57
Jiri Fischer 0 0 0 -1 2 1 1 0 0 0 0/0 11:48 0:00 1:29
Joël Perrault 0 0 0 -1 0 0 1 0 0 0 3/3 8:21 0:00 0:24
Kurt Sauer 0 0 0 -2 2 2 0 0 0 0 0/0 19:02 0:00 2:59
Lukas Krajicek 0 0 0 -1 0 0 0 1 0 0 0/0 15:43 4:17 1:01
Marian Gaborik 1 1 2 -1 2 6 2 0 2 0 2/3 21:10 4:58 0:28
Maxim Lapierre 0 0 0 0 0 0 2 1 0 0 1/2 9:52 0:00 0:00
Sami Lepisto 0 0 0 -2 0 1 0 1 0 0 0/0 20:23 4:17 0:00
Sergei Samsonov 0 0 0 0 0 1 2 0 2 0 0/0 10:17 0:12 0:00
Tim Connolly 0 2 2 -1 0 5 4 0 0 0 17/26 20:40 4:58 0:00
Tom Poti 0 0 0 0 0 1 2 4 3 0 0/0 27:40 4:32 4:20
Players Stats for Blackhawks
Player Name G A P +/- PIM S H SB GA TA FO MP PP MP PK MP
------------------------------------------------------------------------------------
Brad Ference 0 0 0 1 0 1 0 1 0 0 0/0 8:41 0:00 2:46
Chris Gratton 0 0 0 0 0 0 0 1 0 0 0/0 9:45 0:00 0:13
Christian Ehrhoff 0 0 0 1 0 2 4 1 0 2 0/0 24:34 2:08 5:23
Colby Armstrong 1 0 1 1 0 1 0 0 0 0 0/0 15:40 0:00 4:39
Daniel Carcillo 0 0 0 0 4 1 1 0 1 1 0/1 12:58 0:00 1:50
Daniel Tjarnqvist 0 0 0 1 0 0 1 0 0 1 0/0 16:22 2:08 0:40
George Parros 0 0 0 0 2 0 0 1 0 0 2/2 11:30 0:00 0:00
Hnat Domenichelli 0 0 0 0 2 0 0 0 0 1 0/0 8:05 0:00 0:54
Joe Sakic 0 1 1 1 0 0 2 0 1 0 7/12 14:09 2:57 0:00
Jordan Staal 0 0 0 0 0 0 0 0 0 0 3/7 15:12 0:00 3:24
Kris Versteeg 0 3 3 2 0 3 3 0 2 0 0/1 18:22 2:57 0:00
Kristopher Letang 0 0 0 1 0 0 2 2 0 1 0/0 25:25 3:49 4:05
Loui Eriksson 0 0 0 1 2 2 1 1 0 1 0/0 16:05 3:00 1:52
Rene Bourque 1 1 2 2 0 4 3 0 0 2 0/0 18:22 2:57 0:00
Scott Gomez 2 1 3 2 0 5 2 0 1 1 11/28 22:48 3:00 4:46
Sergei Shirokov 0 0 0 0 0 0 0 0 0 1 0/0 10:37 3:00 0:00
Stephane Robidas 0 0 0 1 0 0 3 2 1 0 0/0 21:18 3:49 0:00
Wes O'Neill 0 0 0 1 0 2 2 3 0 1 0/0 21:13 0:00 4:44
3 Stars
1 - Scott Gomez (Chi)
2 - Rene Bourque (Chi)
3 - Kris Versteeg (Chi)
Power Play
Coyotes - 1 on 5 Attempt(s) - 20,00%
Blackhawks - 0 on 3 Attempt(s) - 0,00%
Penalty Kill
Coyotes - 3 on 3 Attempt(s) - 100,00%
- Score 0 goal in Penalty Kill
Blackhawks - 4 on 5 Attempt(s) - 80,00%
- Score 0 goal in Penalty Kill
Official
Referees : Watson Brad and Peel Tim
Linesman : Greg Devorski and Andy McElman
Game Notes
Brad Ference is injured at 6:55 of 2nd period (Right Knee)
Finance
Level 1 -- Attendance: 5326 (88,77%) -- Ticket Income 468 688 $
Level 2 -- Attendance: 3708 (74,16%) -- Ticket Income 196 524 $
Level 3 -- Attendance: 1472 (73,60%) -- Ticket Income 50 048 $
Level 4 -- Attendance: 3530 (88,25%) -- Ticket Income 67 070 $
Luxury Box -- Attendance: 705 (70,50%) -- Ticket Income 123 375 $
Game was played at the Chicago Stadium
Total Attendance: 14741 (81,89%)
Total Ticket Income: 905 705 $
Other Income: 135 856 $
Total Income: 1 041 561 $
Coyotes
5 vs 5 Forward
Center Left Wing Right Wing Time % Phy DF OF
1 Tim Connolly Brenden Morrow Marian Gaborik 40 1 2 2
2 Frans Nielsen Drew Miller Bill Guerin 30 1 2 2
3 Maxim Lapierre Sergei Samsonov Chad Larose 20 1 2 2
4 Joël Perrault Antti Laaksonen Craig Adams 10 1 2 2
5 vs 5 Defense
Defense Defense Time % Phy DF OF
1 Tom Poti Denis Grebeshkov 40 1 2 2
2 Sami Lepisto Kurt Sauer 30 1 2 2
3 Lukas Krajicek Jiri Fischer 20 1 2 2
4 Tom Poti Denis Grebeshkov 10 1 2 2
PowerPlay Forward
Center Left Wing Right Wing Time % Phy DF OF
1 Tim Connolly Brenden Morrow Marian Gaborik 60 1 1 3
2 Frans Nielsen Drew Miller Bill Guerin 40 1 1 3
PowerPlay Defense
Defense Defense Time % Phy DF OF
1 Tom Poti Denis Grebeshkov 60 1 2 2
2 Lukas Krajicek Sami Lepisto 40 1 2 2
Penalty Kill 4 Players Forward
Center Wing Time % Phy DF OF
1 Frans Nielsen Drew Miller 60 1 3 1
2 Craig Adams Chad Larose 40 1 3 1
Penalty Kill 4 Players Defense
Defense Defense Time % Phy DF OF
1 Tom Poti Kurt Sauer 60 1 3 1
2 Denis Grebeshkov Jiri Fischer 40 1 3 1
Penalty Kill - 3 Players Forward
Forward Time % Phy DF OF
1 Drew Miller 60 1 3 1
2 Chad Larose 40 1 3 1
Penalty Kill - 3 Players Defense
Defense Defense Time % Phy DF OF
1 Tom Poti Kurt Sauer 60 1 3 1
2 Denis Grebeshkov Jiri Fischer 40 1 3 1
4 vs 4 Forward
Center Wing Time % Phy DF OF
1 Tim Connolly Marian Gaborik 60 1 2 2
2 Frans Nielsen Drew Miller 40 1 2 2
4 vs 4 Defense
Defense Defense Time % Phy DF OF
1 Tom Poti Denis Grebeshkov 60 1 2 2
2 Sami Lepisto Kurt Sauer 40 1 2 2
Last Minutes Offensive
Center Left Wing Right Wing Defense Defense
Tim Connolly Brenden Morrow Marian Gaborik Tom Poti Denis Grebeshkov
Last Minutes Defensive
Center Left Wing Right Wing Defense Defense
Frans Nielsen Drew Miller Chad Larose Tom Poti Kurt Sauer
Goaltenders
Starting : Ryan Miller
Backup : Al Montoya
Extra Forwards
Normal : Bill Guerin, Sergei Samsonov, Drew Miller - PP : Bill Guerin, Sergei Samsonov - PK : Marian Gaborik
Extra Defensemen
Normal : Sami Lepisto, Jiri Fischer, Denis Grebeshkov - PP : Sami Lepisto - PK : Lukas Krajicek, Denis Grebeshkov
Penalty Shots
Marian Gaborik, Brenden Morrow, Tim Connolly, Frans Nielsen, Drew Miller
Blackhawks
5 vs 5 Forward
Center Left Wing Right Wing Time % Phy DF OF
1 Scott Gomez Kris Versteeg Rene Bourque 40 1 2 2
2 Joe Sakic Loui Eriksson Colby Armstrong 30 1 2 2
3 Jordan Staal Daniel Carcillo George Parros 20 1 2 2
4 Chris Gratton Hnat Domenichelli Sergei Shirokov 10 1 2 2
5 vs 5 Defense
Defense Defense Time % Phy DF OF
1 Stephane Robidas Kristopher Letang 40 1 2 2
2 Brad Ference Christian Ehrhoff 30 1 2 2
3 Daniel Tjarnqvist Wes O'Neill 20 1 2 2
4 Stephane Robidas Kristopher Letang 10 1 2 2
PowerPlay Forward
Center Left Wing Right Wing Time % Phy DF OF
1 Joe Sakic Kris Versteeg Rene Bourque 60 1 2 2
2 Scott Gomez Loui Eriksson Sergei Shirokov 40 1 2 2
PowerPlay Defense
Defense Defense Time % Phy DF OF
1 Stephane Robidas Kristopher Letang 60 1 2 2
2 Daniel Tjarnqvist Christian Ehrhoff 40 1 2 2
Penalty Kill 4 Players Forward
Center Wing Time % Phy DF OF
1 Scott Gomez Colby Armstrong 60 1 2 2
2 Jordan Staal Daniel Carcillo 40 1 2 2
Penalty Kill 4 Players Defense
Defense Defense Time % Phy DF OF
1 Wes O'Neill Christian Ehrhoff 60 1 2 2
2 Brad Ference Kristopher Letang 40 1 2 2
Penalty Kill - 3 Players Forward
Forward Time % Phy DF OF
1 Joe Sakic 60 1 2 2
2 George Parros 40 1 2 2
Penalty Kill - 3 Players Defense
Defense Defense Time % Phy DF OF
1 Wes O'Neill Daniel Tjarnqvist 60 1 2 2
2 Kristopher Letang Christian Ehrhoff 40 1 2 2
4 vs 4 Forward
Center Wing Time % Phy DF OF
1 Joe Sakic Sergei Shirokov 60 1 2 2
2 Scott Gomez Kris Versteeg 40 1 2 2
4 vs 4 Defense
Defense Defense Time % Phy DF OF
1 Stephane Robidas Kristopher Letang 60 1 2 2
2 Brad Ference Christian Ehrhoff 40 1 2 2
Last Minutes Offensive
Center Left Wing Right Wing Defense Defense
Joe Sakic Kris Versteeg Rene Bourque Stephane Robidas Kristopher Letang
Last Minutes Defensive
Center Left Wing Right Wing Defense Defense
Scott Gomez Kris Versteeg Colby Armstrong Wes O'Neill Brad Ference
Goaltenders
Starting : Jocelyn Thibault
Backup : Roberto Luongo
Extra Forwards
Normal : Sergei Shirokov, Jordan Staal, Loui Eriksson - PP : Colby Armstrong, Jordan Staal - PK : Loui Eriksson
Extra Defensemen
Normal : Wes O'Neill, Kristopher Letang, Christian Ehrhoff - PP : Kristopher Letang - PK : Wes O'Neill, Christian Ehrhoff
Penalty Shots
Joe Sakic, Loui Eriksson, Kris Versteeg, Scott Gomez, Sergei Shirokov
% Time on Ice - Coyotes
Lines # - Real PCT - Wanted PCT - Time Play
Normal Forward
1 - 35% - 40% - 16:02
2 - 25% - 30% - 11:23
3 - 22% - 20% - 9:52
4 - 18% - 10% - 7:57
Normal Defense
1 - 37% - 40% - 16:41
2 - 36% - 30% - 16:10
3 - 23% - 20% - 10:16
4 - 5% - 10% - 2:07
PP Forward
1 - 58% - 60% - 5:07
2 - 42% - 40% - 3:42
PP Defense
1 - 51% - 60% - 4:32
2 - 49% - 40% - 4:17
PK Forward
1 - 64% - 60% - 3:49
2 - 36% - 40% - 2:08
PK Defense
1 - 73% - 60% - 4:20
2 - 27% - 40% - 1:37
PK3 Forward
1 - 0% - 60%
2 - 0% - 40%
PK3 Defense
1 - 0% - 60%
2 - 0% - 40%
44 Forward
1 - 0% - 60%
2 - 0% - 40%
44 Defense
1 - 0% - 60%
2 - 0% - 40%
Last Minute Offensive - 0:00
Last Minute Defensive - 0:00
Total
Forward - 60:00
Defense - 60:00
|
% Time on Ice - Blackhawks
Lines # - Real PCT - Wanted PCT - Time Play
Normal Forward
1 - 35% - 40% - 15:50
2 - 25% - 30% - 11:26
3 - 24% - 20% - 10:56
4 - 16% - 10% - 7:02
Normal Defense
1 - 36% - 40% - 16:13
2 - 41% - 30% - 18:44
3 - 20% - 20% - 9:13
4 - 2% - 10% - 1:04
PP Forward
1 - 50% - 60% - 2:57
2 - 50% - 40% - 3:00
PP Defense
1 - 64% - 60% - 3:49
2 - 36% - 40% - 2:08
PK Forward
1 - 74% - 60% - 6:34
2 - 26% - 40% - 2:15
PK Defense
1 - 54% - 60% - 4:44
2 - 46% - 40% - 4:05
PK3 Forward
1 - 0% - 60%
2 - 0% - 40%
PK3 Defense
1 - 0% - 60%
2 - 0% - 40%
44 Forward
1 - 0% - 60%
2 - 0% - 40%
44 Defense
1 - 0% - 60%
2 - 0% - 40%
Last Minute Offensive - 0:00
Last Minute Defensive - 0:00
Total
Forward - 60:00
Defense - 60:00
|
Play by Play
1st period
0:01 of 1st period - Scott Gomez wins face-off versus Brenden Morrow in neutral zone.
0:04 of 1st period - Slapshot by Kris Versteeg.
0:04 of 1st period - Shot Misses the Net.
0:06 of 1st period - Snap shot by Scott Gomez.
0:06 of 1st period - Deflect By Kris Versteeg.
0:06 of 1st period - Shot Blocked by Denis Grebeshkov.
0:06 of 1st period - Puck is out of play.
0:07 of 1st period - Scott Gomez wins face-off versus Tim Connolly in Coyotes zone.
0:31 of 1st period - Icing by Tom Poti.
0:32 of 1st period - Tim Connolly wins face-off versus Joe Sakic in Coyotes zone.
0:41 of 1st period - Snap shot by Marian Gaborik.
0:41 of 1st period - Shot Misses the Net.
0:43 of 1st period - Snap shot by Tom Poti.
0:43 of 1st period - Shot Blocked by Brad Ference.
1:16 of 1st period - Wrist shot by Tom Poti.
1:16 of 1st period - Stopped by Jocelyn Thibault with a rebound.
1:20 of 1st period - Slapshot by Brenden Morrow.
1:20 of 1st period - Shot Misses the Net.
1:22 of 1st period - Wrist shot by Tim Connolly.
1:22 of 1st period - Deflect By Colby Armstrong.
1:22 of 1st period - Stopped by Jocelyn Thibault with a rebound.
2:02 of 1st period - Snap shot by Marian Gaborik.
2:02 of 1st period - Stopped by Jocelyn Thibault without a rebound.
2:03 of 1st period - Bill Guerin wins face-off versus Jordan Staal in Blackhawks zone.
2:18 of 1st period - Snap shot by Frans Nielsen.
2:18 of 1st period - Stopped by Jocelyn Thibault with a rebound.
3:14 of 1st period - Snap shot by Daniel Carcillo.
3:14 of 1st period - Shot Misses the Net.
3:24 of 1st period - Frans Nielsen is hit by Kris Versteeg and loses puck.
3:51 of 1st period - Lukas Krajicek is hit by Rene Bourque and loses puck.
4:54 of 1st period - Antti Laaksonen is hit by Kris Versteeg and loses puck.
5:08 of 1st period - Minor Penalty to Daniel Carcillo for Hooking.
5:09 of 1st period - Tim Connolly wins face-off versus Scott Gomez in Blackhawks zone.
5:47 of 1st period - Slapshot by Kristopher Letang.
5:47 of 1st period - Shot Misses the Net.
6:59 of 1st period - Scott Gomez is hit by Tim Connolly and loses puck.
7:08 of 1st period - Penalty to Daniel Carcillo is over, Daniel Carcillo is back on ice.
7:10 of 1st period - Scott Gomez is hit by Sergei Samsonov and loses puck.
7:49 of 1st period - Jiri Fischer is hit by Wes O'Neill and loses puck.
8:38 of 1st period - Joe Sakic is hit by Brenden Morrow and loses puck.
9:05 of 1st period - Frans Nielsen is hit by Christian Ehrhoff and loses puck.
10:22 of 1st period - Kris Versteeg is hit by Denis Grebeshkov and loses puck.
10:37 of 1st period - Snap shot by Colby Armstrong.
10:37 of 1st period - Shot Blocked by Chad Larose.
10:39 of 1st period - Slapshot by Wes O'Neill.
10:39 of 1st period - Shot Misses the Net.
10:41 of 1st period - Snap shot by Colby Armstrong.
10:41 of 1st period - Deflect By Joe Sakic.
10:41 of 1st period - Shot Blocked by Denis Grebeshkov.
10:41 of 1st period - Puck is out of play.
10:42 of 1st period - Jordan Staal wins face-off versus Bill Guerin in Coyotes zone.
10:43 of 1st period - Snap shot by George Parros.
10:43 of 1st period - Shot Misses the Net.
10:45 of 1st period - Slapshot by Christian Ehrhoff.
10:45 of 1st period - Shot Misses the Net.
10:47 of 1st period - Slapshot by Brad Ference.
10:47 of 1st period - Deflect By Drew Miller.
10:47 of 1st period - Stopped by Ryan Miller with a rebound.
10:49 of 1st period - Snap shot by Daniel Carcillo.
10:49 of 1st period - Shot Blocked by Sami Lepisto.
10:50 of 1st period - Minor Penalty to Daniel Carcillo for Hooking.
10:51 of 1st period - Tim Connolly wins face-off versus Scott Gomez in Blackhawks zone.
12:22 of 1st period - Christian Ehrhoff is hit by Denis Grebeshkov.
12:50 of 1st period - Penalty to Daniel Carcillo is over, Daniel Carcillo is back on ice.
12:53 of 1st period - Off-side.
12:54 of 1st period - Joël Perrault wins face-off versus Scott Gomez in neutral zone.
12:59 of 1st period - Snap shot by Antti Laaksonen.
12:59 of 1st period - Stopped by Jocelyn Thibault with a rebound.
13:21 of 1st period - Slapshot by Chad Larose.
13:21 of 1st period - Shot Blocked by Stephane Robidas.
13:23 of 1st period - Slapshot by Jiri Fischer.
13:23 of 1st period - Stopped by Jocelyn Thibault without a rebound.
13:24 of 1st period - George Parros wins face-off versus Tim Connolly in Blackhawks zone.
13:24 of 1st period - George Parros is hit by Brenden Morrow.
13:54 of 1st period - Slapshot by Scott Gomez.
13:54 of 1st period - Stopped by Ryan Miller with a rebound.
15:00 of 1st period - Craig Adams is hit by Kristopher Letang and loses puck.
15:19 of 1st period - Snap shot by Drew Miller.
15:19 of 1st period - Stopped by Jocelyn Thibault with a rebound.
15:21 of 1st period - Snap shot by Frans Nielsen.
15:21 of 1st period - Stopped by Jocelyn Thibault with a rebound.
15:23 of 1st period - Slapshot by Drew Miller.
15:23 of 1st period - Shot Hit the Post.
15:25 of 1st period - Wrist shot by Drew Miller.
15:25 of 1st period - Stopped by Jocelyn Thibault without a rebound.
15:26 of 1st period - Joe Sakic wins face-off versus Brenden Morrow in Blackhawks zone.
15:39 of 1st period - Snap shot by Tim Connolly.
15:39 of 1st period - Stopped by Jocelyn Thibault with a rebound.
15:41 of 1st period - Slapshot by Denis Grebeshkov.
15:41 of 1st period - Stopped by Jocelyn Thibault with a rebound.
16:12 of 1st period - Jordan Staal is hit by Maxim Lapierre and loses puck.
16:31 of 1st period - Hnat Domenichelli is hit by Brenden Morrow and loses puck.
18:06 of 1st period - Daniel Tjarnqvist is hit by Bill Guerin and loses puck.
19:35 of 1st period - Slapshot by Drew Miller.
19:35 of 1st period - Shot Misses the Net.
19:47 of 1st period - Craig Adams is hit by Scott Gomez and loses puck.
2nd period
0:01 of 2nd period - Scott Gomez wins face-off versus Tim Connolly in neutral zone.
0:14 of 2nd period - Snap shot by Tim Connolly.
0:14 of 2nd period - Shot Misses the Net.
0:36 of 2nd period - Snap shot by Joe Sakic.
0:36 of 2nd period - Shot Misses the Net.
0:48 of 2nd period - Maxim Lapierre is hit by Christian Ehrhoff and loses puck.
0:57 of 2nd period - Wrist shot by Jordan Staal.
0:57 of 2nd period - Shot Misses the Net.
0:59 of 2nd period - Snap shot by Wes O'Neill.
0:59 of 2nd period - Stopped by Ryan Miller with a rebound.
1:01 of 2nd period - Slapshot by Wes O'Neill.
1:01 of 2nd period - Shot Misses the Net.
1:45 of 2nd period - Maxim Lapierre is hit by Daniel Tjarnqvist and loses puck.
1:54 of 2nd period - Snap shot by Maxim Lapierre.
1:54 of 2nd period - Shot Blocked by Chris Gratton.
1:56 of 2nd period - Slapshot by Kurt Sauer.
1:56 of 2nd period - Stopped by Jocelyn Thibault without a rebound.
1:57 of 2nd period - Scott Gomez wins face-off versus Tim Connolly in Blackhawks zone.
2:10 of 2nd period - Kristopher Letang is hit by Tom Poti and loses puck.
2:20 of 2nd period - Icing by Brenden Morrow.
2:21 of 2nd period - Joe Sakic wins face-off versus Frans Nielsen in Coyotes zone.
2:22 of 2nd period - Wrist shot by Colby Armstrong.
2:22 of 2nd period - Goal by Colby Armstrong - Coyotes : 0 - Blackhawks : 1.
2:23 of 2nd period - Tim Connolly wins face-off versus Scott Gomez in neutral zone.
2:26 of 2nd period - Snap shot by Kris Versteeg.
2:26 of 2nd period - Stopped by Ryan Miller without a rebound.
2:27 of 2nd period - Marian Gaborik wins face-off versus Scott Gomez in Coyotes zone.
2:44 of 2nd period - Tom Poti is hit by Scott Gomez and loses puck.
2:51 of 2nd period - Rene Bourque is hit by Tom Poti and loses puck.
2:56 of 2nd period - Snap shot by Marian Gaborik.
2:56 of 2nd period - Stopped by Jocelyn Thibault without a rebound.
2:57 of 2nd period - Frans Nielsen wins face-off versus Joe Sakic in Blackhawks zone.
3:05 of 2nd period - Minor Penalty to Loui Eriksson for Holding.
3:06 of 2nd period - Tim Connolly wins face-off versus Scott Gomez in Blackhawks zone.
3:37 of 2nd period - Wrist shot by Denis Grebeshkov.
3:37 of 2nd period - Shot Blocked by Wes O'Neill.
3:39 of 2nd period - Slapshot by Drew Miller.
3:39 of 2nd period - Shot Blocked by Wes O'Neill.
3:41 of 2nd period - Snap shot by Frans Nielsen.
3:41 of 2nd period - Stopped by Jocelyn Thibault with a rebound.
4:03 of 2nd period - Slapshot by Christian Ehrhoff.
4:03 of 2nd period - Shot Misses the Net.
4:15 of 2nd period - Scott Gomez is hit by Brenden Morrow.
4:53 of 2nd period - Denis Grebeshkov is hit by Kristopher Letang and loses puck.
5:05 of 2nd period - Penalty to Loui Eriksson is over, Loui Eriksson is back on ice.
5:34 of 2nd period - Snap shot by Joël Perrault.
5:34 of 2nd period - Shot Misses the Net.
5:53 of 2nd period - Wrist shot by Chad Larose.
5:53 of 2nd period - Shot Misses the Net.
6:43 of 2nd period - Slapshot by Craig Adams.
6:43 of 2nd period - Stopped by Jocelyn Thibault with a rebound.
6:54 of 2nd period - Brad Ference is hit by Joël Perrault and loses puck.
6:55 of 2nd period - Brad Ference from Blackhawks is injured at 6:55 of 2nd period (Right Knee).
6:56 of 2nd period - Tim Connolly wins face-off versus Scott Gomez in Blackhawks zone.
6:57 of 2nd period - Wrist shot by Marian Gaborik.
6:57 of 2nd period - Stopped by Jocelyn Thibault without a rebound.
6:58 of 2nd period - Marian Gaborik wins face-off versus Scott Gomez in Blackhawks zone.
7:07 of 2nd period - Slapshot by Brenden Morrow.
7:07 of 2nd period - Deflect By Marian Gaborik.
7:07 of 2nd period - Stopped by Jocelyn Thibault without a rebound.
7:08 of 2nd period - Scott Gomez wins face-off versus Tim Connolly in Blackhawks zone.
8:06 of 2nd period - Off-side.
8:07 of 2nd period - Tim Connolly wins face-off versus Scott Gomez in neutral zone.
8:18 of 2nd period - Wrist shot by Scott Gomez.
8:18 of 2nd period - Goal by Scott Gomez - Coyotes : 0 - Blackhawks : 2.
8:19 of 2nd period - Scott Gomez wins face-off versus Tim Connolly in neutral zone.
8:25 of 2nd period - Icing by Denis Grebeshkov.
8:26 of 2nd period - Scott Gomez wins face-off versus Tim Connolly in Coyotes zone.
8:29 of 2nd period - Slapshot by Scott Gomez.
8:29 of 2nd period - Stopped by Ryan Miller without a rebound.
8:30 of 2nd period - Tim Connolly wins face-off versus Scott Gomez in Coyotes zone.
8:37 of 2nd period - Tom Poti is hit by Stephane Robidas and loses puck.
8:48 of 2nd period - Denis Grebeshkov is hit by Rene Bourque and loses puck.
9:05 of 2nd period - Snap shot by Bill Guerin.
9:05 of 2nd period - Shot Blocked by Kristopher Letang.
9:07 of 2nd period - Snap shot by Drew Miller.
9:07 of 2nd period - Shot Misses the Net.
9:29 of 2nd period - Snap shot by Craig Adams.
9:29 of 2nd period - Shot Blocked by Loui Eriksson.
9:31 of 2nd period - Slapshot by Sami Lepisto.
9:31 of 2nd period - Shot Blocked by Stephane Robidas.
9:33 of 2nd period - Slapshot by Kurt Sauer.
9:33 of 2nd period - Stopped by Jocelyn Thibault with a rebound.
10:06 of 2nd period - Wrist shot by Tim Connolly.
10:06 of 2nd period - Stopped by Jocelyn Thibault without a rebound.
10:07 of 2nd period - Tim Connolly wins face-off versus Scott Gomez in Blackhawks zone.
10:08 of 2nd period - Slapshot by Marian Gaborik.
10:08 of 2nd period - Stopped by Jocelyn Thibault with a rebound.
10:10 of 2nd period - Wrist shot by Marian Gaborik.
10:10 of 2nd period - Goal by Marian Gaborik - Coyotes : 1 - Blackhawks : 2.
10:11 of 2nd period - Tim Connolly wins face-off versus Scott Gomez in neutral zone.
10:22 of 2nd period - Snap shot by Tim Connolly.
10:22 of 2nd period - Stopped by Jocelyn Thibault with a rebound.
11:42 of 2nd period - Icing by Craig Adams.
11:43 of 2nd period - Joël Perrault wins face-off versus Scott Gomez in Coyotes zone.
11:52 of 2nd period - Wrist shot by Scott Gomez.
11:52 of 2nd period - Goal by Scott Gomez - Coyotes : 1 - Blackhawks : 3.
11:53 of 2nd period - Tim Connolly wins face-off versus Scott Gomez in neutral zone.
12:23 of 2nd period - Snap shot by Frans Nielsen.
12:23 of 2nd period - Stopped by Jocelyn Thibault with a rebound.
12:27 of 2nd period - Slapshot by Bill Guerin.
12:27 of 2nd period - Shot Misses the Net.
12:41 of 2nd period - Daniel Carcillo is hit by Maxim Lapierre and loses puck.
13:19 of 2nd period - Minor Penalty to Kurt Sauer for Hooking.
13:20 of 2nd period - Joe Sakic wins face-off versus Frans Nielsen in Coyotes zone.
14:25 of 2nd period - Slapshot by Denis Grebeshkov.
14:25 of 2nd period - Stopped by Jocelyn Thibault without a rebound.
14:26 of 2nd period - Scott Gomez wins face-off versus Marian Gaborik in Blackhawks zone.
14:31 of 2nd period - Backhand shot by Kristopher Letang.
14:31 of 2nd period - Shot Blocked by Lukas Krajicek.
14:49 of 2nd period - Lukas Krajicek is hit by Kris Versteeg and loses puck.
15:19 of 2nd period - Penalty to Kurt Sauer is over, Kurt Sauer is back on ice.
15:26 of 2nd period - Brenden Morrow is hit by Daniel Carcillo.
16:08 of 2nd period - Jiri Fischer is hit by Joe Sakic and loses puck.
16:37 of 2nd period - Bill Guerin is hit by Stephane Robidas and loses puck.
16:42 of 2nd period - Snap shot by Daniel Carcillo.
16:42 of 2nd period - Stopped by Ryan Miller without a rebound.
16:43 of 2nd period - Joe Sakic wins face-off versus Tim Connolly in Coyotes zone.
16:44 of 2nd period - Snap shot by Loui Eriksson.
16:44 of 2nd period - Stopped by Ryan Miller with a rebound.
16:46 of 2nd period - Slapshot by Kristopher Letang.
16:46 of 2nd period - Deflect By Loui Eriksson.
16:46 of 2nd period - Stopped by Ryan Miller without a rebound.
16:47 of 2nd period - Tim Connolly wins face-off versus Joe Sakic in Coyotes zone.
17:34 of 2nd period - Wrist shot by Antti Laaksonen.
17:34 of 2nd period - Stopped by Jocelyn Thibault with a rebound.
17:36 of 2nd period - Backhand shot by Sami Lepisto.
17:36 of 2nd period - Stopped by Jocelyn Thibault without a rebound.
17:37 of 2nd period - Joël Perrault wins face-off versus Daniel Carcillo in Blackhawks zone.
18:41 of 2nd period - Slapshot by Rene Bourque.
18:41 of 2nd period - Stopped by Ryan Miller with a rebound.
18:49 of 2nd period - Snap shot by Scott Gomez.
18:49 of 2nd period - Shot Misses the Net.
19:01 of 2nd period - Snap shot by Tim Connolly.
19:01 of 2nd period - Stopped by Jocelyn Thibault with a rebound.
19:13 of 2nd period - Slapshot by Kris Versteeg.
19:13 of 2nd period - Stopped by Ryan Miller with a rebound.
19:40 of 2nd period - Slapshot by Christian Ehrhoff.
19:40 of 2nd period - Stopped by Ryan Miller with a rebound.
3rd period
0:01 of 3rd period - Joe Sakic wins face-off versus Frans Nielsen in neutral zone.
0:42 of 3rd period - Icing by Tom Poti.
0:43 of 3rd period - Jordan Staal wins face-off versus Tim Connolly in Coyotes zone.
0:56 of 3rd period - Wrist shot by Loui Eriksson.
0:56 of 3rd period - Shot Blocked by Denis Grebeshkov.
1:34 of 3rd period - Snap shot by Sergei Shirokov.
1:34 of 3rd period - Shot Misses the Net.
2:00 of 3rd period - Wrist shot by Jordan Staal.
2:00 of 3rd period - Shot Misses the Net.
2:02 of 3rd period - Slapshot by Wes O'Neill.
2:02 of 3rd period - Stopped by Ryan Miller with a rebound.
2:12 of 3rd period - Colby Armstrong is hit by Tim Connolly and loses puck.
3:04 of 3rd period - Jiri Fischer is hit by Christian Ehrhoff and loses puck.
3:41 of 3rd period - Joe Sakic is hit by Marian Gaborik and loses puck.
3:48 of 3rd period - Marian Gaborik is hit by Loui Eriksson and loses puck.
4:03 of 3rd period - Drew Miller is hit by Rene Bourque.
4:25 of 3rd period - Sami Lepisto is hit by Wes O'Neill and loses puck.
4:55 of 3rd period - Jiri Fischer is hit by Joe Sakic and loses puck.
5:30 of 3rd period - Wrist shot by Frans Nielsen.
5:30 of 3rd period - Shot Blocked by George Parros.
6:22 of 3rd period - Rene Bourque is hit by Jiri Fischer and loses puck.
6:33 of 3rd period - Marian Gaborik is hit by Stephane Robidas and loses puck.
6:40 of 3rd period - Loui Eriksson is hit by Tim Connolly and loses puck.
7:37 of 3rd period - George Parros is hit by Bill Guerin and loses puck.
7:41 of 3rd period - Icing by George Parros.
7:42 of 3rd period - George Parros wins face-off versus Frans Nielsen in Blackhawks zone.
7:42 of 3rd period - George Parros is hit by Drew Miller.
7:45 of 3rd period - Icing by Christian Ehrhoff.
7:46 of 3rd period - Jordan Staal wins face-off versus Frans Nielsen in Blackhawks zone.
9:06 of 3rd period - Icing by Sami Lepisto.
9:07 of 3rd period - Scott Gomez wins face-off versus Frans Nielsen in Coyotes zone.
9:16 of 3rd period - Kris Versteeg is hit by Bill Guerin and loses puck.
9:23 of 3rd period - Wrist shot by Frans Nielsen.
9:23 of 3rd period - Shot Misses the Net.
9:25 of 3rd period - Snap shot by Drew Miller.
9:25 of 3rd period - Deflect By Kris Versteeg.
9:25 of 3rd period - Stopped by Jocelyn Thibault with a rebound.
9:27 of 3rd period - Wrist shot by Bill Guerin.
9:27 of 3rd period - Stopped by Jocelyn Thibault with a rebound.
9:29 of 3rd period - Snap shot by Drew Miller.
9:29 of 3rd period - Shot Blocked by Kristopher Letang.
9:31 of 3rd period - Slapshot by Bill Guerin.
9:31 of 3rd period - Stopped by Jocelyn Thibault with a rebound.
9:33 of 3rd period - Backhand shot by Frans Nielsen.
9:33 of 3rd period - Stopped by Jocelyn Thibault without a rebound.
9:34 of 3rd period - Tim Connolly wins face-off versus Joe Sakic in Blackhawks zone.
9:35 of 3rd period - Snap shot by Marian Gaborik.
9:35 of 3rd period - Shot Misses the Net.
9:40 of 3rd period - Off-side.
9:41 of 3rd period - Tim Connolly wins face-off versus Joe Sakic in neutral zone.
9:45 of 3rd period - Minor Penalty to Marian Gaborik for Roughing.
9:46 of 3rd period - Craig Adams wins face-off versus Kris Versteeg in Coyotes zone.
10:28 of 3rd period - Daniel Tjarnqvist is hit by Antti Laaksonen and loses puck.
11:08 of 3rd period - Icing by Loui Eriksson.
11:09 of 3rd period - Scott Gomez wins face-off versus Craig Adams in Blackhawks zone.
11:22 of 3rd period - Snap shot by Rene Bourque.
11:22 of 3rd period - Shot Misses the Net.
11:24 of 3rd period - Snap shot by Kris Versteeg.
11:24 of 3rd period - Shot Blocked by Tom Poti.
11:26 of 3rd period - Snap shot by Rene Bourque.
11:26 of 3rd period - Stopped by Ryan Miller without a rebound.
11:27 of 3rd period - Joe Sakic wins face-off versus Drew Miller in Coyotes zone.
11:28 of 3rd period - Slapshot by Kris Versteeg.
11:28 of 3rd period - Stopped by Ryan Miller with a rebound.
11:30 of 3rd period - Backhand shot by Christian Ehrhoff.
11:30 of 3rd period - Stopped by Ryan Miller with a rebound.
11:32 of 3rd period - Slapshot by Rene Bourque.
11:32 of 3rd period - Shot Misses the Net.
11:34 of 3rd period - Backhand shot by Kris Versteeg.
11:34 of 3rd period - Shot Misses the Net.
11:36 of 3rd period - Wrist shot by Kris Versteeg.
11:36 of 3rd period - Shot Blocked by Tom Poti.
11:45 of 3rd period - Penalty to Marian Gaborik is over, Marian Gaborik is back on ice.
11:59 of 3rd period - Minor Penalty to Jiri Fischer for Interference.
12:00 of 3rd period - Frans Nielsen wins face-off versus Scott Gomez in Coyotes zone.
12:13 of 3rd period - Wrist shot by Scott Gomez.
12:13 of 3rd period - Stopped by Ryan Miller without a rebound.
12:14 of 3rd period - Joe Sakic wins face-off versus Frans Nielsen in Coyotes zone.
13:12 of 3rd period - Slapshot by Chad Larose.
13:12 of 3rd period - Shot Blocked by Christian Ehrhoff.
13:59 of 3rd period - Penalty to Jiri Fischer is over, Jiri Fischer is back on ice.
14:02 of 3rd period - Off-side.
14:03 of 3rd period - Tim Connolly wins face-off versus Jordan Staal in neutral zone.
14:07 of 3rd period - Lukas Krajicek is hit by Christian Ehrhoff.
14:08 of 3rd period - Minor Penalty to George Parros for Hooking.
14:09 of 3rd period - Tim Connolly wins face-off versus Scott Gomez in Blackhawks zone.
14:18 of 3rd period - Wrist shot by Brenden Morrow.
14:18 of 3rd period - Stopped by Jocelyn Thibault with a rebound.
14:52 of 3rd period - Christian Ehrhoff is hit by Drew Miller and loses puck.
15:56 of 3rd period - Icing by Denis Grebeshkov.
15:57 of 3rd period - Frans Nielsen wins face-off versus Jordan Staal in Coyotes zone.
16:08 of 3rd period - Penalty to George Parros is over, George Parros is back on ice.
16:15 of 3rd period - Minor Penalty to Hnat Domenichelli for Roughing.
16:16 of 3rd period - Tim Connolly wins face-off versus Scott Gomez in Blackhawks zone.
16:29 of 3rd period - Scott Gomez is hit by Brenden Morrow and loses puck.
16:42 of 3rd period - Jordan Staal is hit by Marian Gaborik and loses puck.
17:08 of 3rd period - Wrist shot by Brenden Morrow.
17:08 of 3rd period - Goal by Brenden Morrow - Coyotes : 2 - Blackhawks : 3.
17:09 of 3rd period - Maxim Lapierre wins face-off versus Jordan Staal in neutral zone.
17:24 of 3rd period - Slapshot by Sergei Samsonov.
17:24 of 3rd period - Stopped by Jocelyn Thibault with a rebound.
18:00 of 3rd period - Slapshot by Rene Bourque.
18:00 of 3rd period - Goal by Rene Bourque - Coyotes : 2 - Blackhawks : 4.
18:01 of 3rd period - Scott Gomez wins face-off versus Maxim Lapierre in neutral zone.
18:08 of 3rd period - Snap shot by Rene Bourque.
18:08 of 3rd period - Shot Blocked by Tom Poti.
18:10 of 3rd period - Wrist shot by Wes O'Neill.
18:10 of 3rd period - Shot Blocked by Denis Grebeshkov.
18:12 of 3rd period - Wrist shot by Scott Gomez.
18:12 of 3rd period - Shot Misses the Net.
18:14 of 3rd period - Slapshot by Wes O'Neill.
18:14 of 3rd period - Shot Blocked by Tom Poti.
18:16 of 3rd period - Wrist shot by Rene Bourque.
18:16 of 3rd period - Stopped by Ryan Miller with a rebound.
18:18 of 3rd period - Wrist shot by Rene Bourque.
18:18 of 3rd period - Shot Blocked by Maxim Lapierre.
18:28 of 3rd period - Jordan Staal is hit by Tim Connolly.
19:32 of 3rd period - Christian Ehrhoff is hit by Sergei Samsonov and loses puck.
19:39 of 3rd period - Slapshot by Sergei Samsonov.
19:39 of 3rd period - Shot Blocked by Wes O'Neill.
Output by the SimonT Hockey Simulator (STHS) for François Prévost -- Original Page W3C XHTML 1.0 Valid